 Dungeon Crawl Stone Soup version 0.28-a0-1493-g08698888e4 (webtiles) character file.

Game seed: 7293886166190112877

23 fragbeetle the Digger (level 2, 0/16 HPs)
             Began as a Gargoyle Earth Elementalist on Jan 13, 2022.
             Slain by a quokka (4 damage)
             ... on level 1 of the Dungeon.
             The game lasted 00:01:38 (760 turns).

fragbeetle the Digger (Gargoyle Earth Elementalist)  Turns: 760, Time: 00:01:39

Health: 0/16       AC:  4    Str: 11    XL:     2   Next: 95%
Magic:  5/5        EV: 12    Int: 15    God:
Gold:   35         SH:  0    Dex: 10    Spells: 4/5 levels left

rFire   . . .      SeeInvis .   d - +0 short sword
rCold   . . .      Faith    .   (no shield)
rNeg    + . .      Spirit   .   b - +0 robe
rPois   ∞          Reflect  .   (no helmet)
rElec   +          Harm     .   (no cloak)
rCorr   .          Rampage  .   (no gloves)
Will    .....                   (no boots)
Stlth   ++........              (no amulet)
HPRegen 0.05/turn               (no ring)
MPRegen 0.09/turn               (no ring)

@: no status effects
A: sickness immunity, AC +2, negative energy resistance 1, electricity
resistance, torment resistance 1, petrification resistance
a: no special abilities


You were on level 1 of the Dungeon.
You visited 1 branch of the dungeon, and saw 1 of its levels.

You collected 35 gold pieces.

Inventory:

Hand Weapons
 d - a +0 short sword (weapon)
Missiles
 c - 51 stones
Armour
 b - a +0 robe (worn)
Scrolls
 e - a scroll of identify {unknown}
Potions
 a - 2 potions of heal wounds {unknown}
 f - a potion of curing {unknown}


   Skills:
 + Level 1.1 Fighting
 + Level 1.9 Dodging
 - Level 2.1 Stealth
 - Level 2.0 Spellcasting
 - Level 1.0 Transmutations
 * Level 4.2 Earth Magic


You had 4 spell levels left.
You knew the following spells:

 Your Spells              Type           Power      Damage    Failure   Level
a - Sandblast             Erth           28%        2d8       3%          1

Your spell library contained the following spells:

 Spells                   Type           Power      Damage    Failure   Level
 Passwall                 Tmut/Erth      7%         N/A       12%         2
 Stone Arrow              Conj/Erth      14%        3d7       28%         3
 Petrify                  Tmut/Erth      9%         N/A       58%         4


Dungeon Overview and Level Annotations

Branches:
Dungeon (1/15)

Altars:


Innate Abilities, Weirdness & Mutations

You are immune to sickness and miasma.
Your stone body is resilient. (AC +2)
You are immune to poison.
You resist negative energy. (rN+)
You are resistant to electric shocks. (rElec)
You are resistant to unholy torment.
You are immune to petrification.


Message History

The jackal is heavily wounded.
The jackal barely misses you. The jackal completely misses you.
You hit the jackal.
You kill the jackal!
The quokka bites you.
You miss the quokka.
The quokka bites you but does no damage.
You hit the quokka.
The quokka is lightly wounded.
The quokka bites you.
You hit the quokka but do no damage.
The quokka is lightly wounded.
The quokka misses you.
The quokka bites you but does no damage.
You closely miss the quokka.
The quokka is lightly wounded.
The quokka closely misses you.
You hit the quokka but do no damage.
The quokka is lightly wounded.
The quokka closely misses you.
You closely miss the quokka.
The quokka is lightly wounded.
The quokka bites you. The quokka misses you.
You closely miss the quokka.
The quokka is lightly wounded.
The quokka closely misses you.
You hit the quokka.
The quokka is heavily wounded.
The quokka bites you.
You hit the quokka.
The quokka is severely wounded.
The quokka barely misses you. The quokka closely misses you.
You hit the quokka but do no damage.
The quokka is severely wounded.
The quokka bites you.
* * * LOW HITPOINT WARNING * * *
You barely miss the quokka.
The quokka is severely wounded.
The quokka bites you.
You die...

#.# #..#.........
#.####.##...##....
#.##...##....##...
#....###...#......
#.#........#####..
#.##....#... ##[#
#........... ....
#.#######..# ....
#@# ..# ....
#r######.#.# ....
#........... ....
#........... ....
#........... ....
#........... ....
#.##........ ####
...#.....#.##
.............#


You could see a quokka.

Vanquished Creatures
  2 ball pythons (D:1)
  An endoplasm (D:1)
  A giant cockroach (D:1)
  4 hobgoblins (D:1)
  4 jackals (D:1)
  2 bats (D:1)
  A frilled lizard (D:1)
  A goblin (D:1)
  A kobold (D:1)
  4 rats (D:1)
21 creatures vanquished.

Notes
Turn   | Place    | Note
-------+----------+-------------------------------------------
     0 | D:1      | fragbeetle the Gargoyle Earth Elementalist began the quest
                  | for the Orb.
     0 | D:1      | Reached XP level 1. HP: 10/10 MP: 3/3
   358 | D:1      | Reached skill level 1 in Transmutations
   358 | D:1      | Reached XP level 2. HP: 13/16 MP: 5/5
   433 | D:1      | Reached skill level 4 in Earth Magic
   556 | D:1      | Reached skill level 1 in Fighting
   760 | D:1      | Slain by a quokka

Illustrated notes

Levels and vault maps discovered:
D:1:      eino_arrival_druids_welcome, layout_rooms

Skill      XL: |  1  2 |
---------------+-------+-----
Transmutations | 1 |  1.0
Earth Magic    | 4 |  4.2
Fighting       | 1 |  1.1
Dodging        | |  1.9
Stealth        | |  2.1
Spellcasting   | |  2.0

Action                   || total
-------------------------++-------
Melee: Short sword       ||    76
       Punch             ||     1
 Cast: Sandblast         ||     2
Armor: Robe              ||    25
Dodge: Dodged            ||    58

Table legend: (Time is in decaauts)
 A = Elapsed time spent in this place.
 B = Non-inter-level travel time spent in this place.
 C = Inter-level travel time spent in this place.
 D = Time resting spent in this place.
 E = Time spent auto-exploring this place.
 F = Levels seen in this place.
 G = Mean time per level.
                   A        B        C        D        E       F      G
               +--------+--------+--------+--------+--------+-----+--------+
         Total |    767 |    767 |      0 |    225 |    339 |   1 |  767.0 |
       Dungeon |    767 |    767 |      0 |    225 |    339 |   1 |  767.0 |
               +--------+--------+--------+--------+--------+-----+--------+

Top non-repeatable levels by time:
     D:1: 767 daAuts
